 Dungeon Crawl Stone Soup version 0.31.0-11-ge490571c62 (webtiles) character file.

Game seed: 12018230716393798507

7 Flugkiller the Chiller (level 2, 0/13 HPs)
             Began as a Vine Stalker Ice Elementalist on Feb 3, 2024.
             Killed by nerve-wracking pain
             ... invoked by Menkaure
              (6 damage)
             ... on level 5 of the Dungeon.
             The game lasted 00:00:46 (196 turns).

Flugkiller the Chiller (VSIE)                        Turns: 196, Time: 00:00:47

Health: 0/13       AC:  2    Str: 10    XL:     2   Next: 4%
Magic:  0/6        EV: 12    Int: 15    God:
Gold:   56         SH:  0    Dex: 14    Spells: 5/6 levels left

rFire   . . .        c - +0 hand axe
rCold   . . .        (no shield)
rNeg    . . .        a - +0 robe
rPois   .            (no helmet)
rElec   .            (no cloak)
rCorr   .            (no gloves)
SInv    .            (no boots)
Will    .....        (no amulet)
Stlth   ++           (no ring)
HPRegen 1.02/turn    (no ring)
MPRegen 0.10/turn

%: guardian spirit
@: no status effects
A: fangs 2, regeneration 1, magic shield, antimagic bite, no potion heal 2
a: no special abilities


You were on level 5 of the Dungeon.
You visited 1 branch of the dungeon, and saw 5 of its levels.

You collected 56 gold pieces.

Inventory:

Hand Weapons
 c - a +0 hand axe (weapon)
   (You found it on level 3 of the Dungeon)
Armour
 a - a +0 robe (worn)
Wands
 e - a wand of light (1)
   (You found it on level 5 of the Dungeon)
Potions
 b - a potion of magic
 d - 2 potions of enlightenment


   Skills:
 - Level 1.5 Dodging
 - Level 2.4 Stealth
 + Level 2.5 Spellcasting
 + Level 4.2 Ice Magic


You had 5 spell levels left.
You knew the following spells:

 Your Spells              Type           Power      Damage    Failure   Level
a - Freeze                Ice            56%        1d7       3%          1

Your spell library contained the following spells:

 Spells                   Type           Power      Damage    Failure   Level
 Frozen Ramparts          Ice            28%        1d5       11%         3
 Ozocubu's Armour         Ice            14%        N/A       11%         3
 Summon Ice Beast         Ice/Summ       8%         N/A       26%         3


Dungeon Overview and Level Annotations

Branches:
Dungeon (5/15) Zot: 26979
 Temple: D:4-7

Altars:

Portals:
Sewer: D:4

Annotations:
D:5 Menkaure


Innate Abilities, Weirdness & Mutations

You have extremely sharp teeth.
Your natural rate of healing is unusually fast.
When hurt, damage is shared between your health and your magic reserves.
Your bite disrupts and absorbs the magic of your enemies.
Potions cannot restore your health.


Message History

A hobgoblin comes into view.
A goblin comes into view. It is wielding a +0 dagger.
The goblin shouts!
You hear a shout! x2
A goblin comes into view. It is wielding a +0 dagger.
The endoplasm quivers.
There is a stone staircase leading down here.
The endoplasm hits you.
You climb downwards.
Found a scale mail and a hand axe.
There is a stone staircase leading up here.
Unknown command.
Casting: Freeze (safe; 3% risk of failure)
Confirm with . or Enter, or press ? or * to list all spells.
Aiming: Freeze (safe; 3% risk of failure)
Press: ? - help, Shift-Dir - straight line, f - endoplasm
Aim: an endoplasm You freeze the endoplasm.
The endoplasm is almost dead.
The endoplasm freezes you.
You are frozen.
Casting: Freeze (safe; 3% risk of failure)
Confirm with . or Enter, or press ? or * to list all spells.
Aiming: Freeze (safe; 3% risk of failure)
Press: ? - help, Shift-Dir - straight line, f/p - endoplasm
Aim: an endoplasm (severely wounded)
You freeze the endoplasm.
You kill the endoplasm!
You have reached level 2!
You see here a +0 hand axe.
c - a +0 hand axe (weapon)
HP restored.
A rat comes into view.
The rat squeaks loudly.
Found a stone staircase leading up.
The rat bites you but does no damage.
You hit the rat.
You kill the rat!
No target in view!
Found 2 amethyst potions.
Found 4 stones.
Found a stone staircase leading down.
d - 2 amethyst potions
There is a stone staircase leading up here.
You climb upwards.
Found 7 gold pieces.
There is a stone staircase leading down here.
You now have 46 gold pieces (gained 7).
There is a stone staircase leading down here.
You climb downwards.
There is a stone staircase leading up here.
Found 2 stones.
Found a robe.
A hobgoblin comes into view.
There is a stone staircase leading down here.
You climb downwards.
You hear the sound of rushing water.
There is an entrance to a sewer on this level.
Hurry and find it before the portal rusts away!
Found a leather armour.
There is a stone staircase leading up here.
Found a glowing drain.
Unknown command.
The adder hisses angrily. x2
Found a scroll labelled BADUXAM ZITE.
Found an escape hatch in the floor.
e - a scroll labelled BADUXAM ZITE
As you read the scroll labelled BADUXAM ZITE, it crumbles to dust.
It is a scroll of identify.
d - 2 potions of enlightenment
There is an escape hatch in the floor here.
You slide downwards.
The hatch slams shut behind you.
Found 10 gold pieces and a curved lead wand.
Unknown command.
e - a wand of light (4)
You now have 56 gold pieces (gained 10).
Aiming: Bolt of Light
Press: ? - help, Shift-Dir - straight line, f - phantom
Aim: a phantom (60% to hit)
The bolt of light misses the phantom.
You hear a shout!
Aiming: Bolt of Light
Press: ? - help, Shift-Dir - straight line, f/p - phantom
Aim: a phantom (60% to hit)
The bolt of light hits the phantom!
The phantom is moderately damaged.
Menkaure, Prince of Dust comes into view.
The phantom hits you.
The phantom blinks!
You blink.
The phantom attacks as it pursues you! The phantom hits you.
You closely miss the phantom. Your bite misses the phantom.
The phantom is moderately damaged.
The phantom barely misses you. The phantom hits you.
You closely miss the phantom.
The phantom is moderately damaged.
The phantom hits you!
The phantom blinks!
You blink.
Aiming: Bolt of Light
Press: ? - help, Shift-Dir - straight line, f - Menkaure, p - phantom
Aim: Menkaure (86% to hit)
The bolt of light hits Menkaure.
Menkaure is lightly damaged.
Menkaure gestures at you while chanting.
Pain shoots through your body!
You die...

###......#
##......ยง##
.........#
.........##
..........###
#####.......####
##.........#
##..W#######
#..@.# #.M..#
#.....##
...........
#...........M
####....####...
###..# .. #... #
#...


You could see a phantom and Menkaure.

Vanquished Creatures
  2 endoplasms
  A goblin (D:2)
  A quokka (D:2)
  A bat (D:2)
  A kobold (D:2)
  A rat (D:3)
7 creatures vanquished.

Notes
Turn   | Place    | Note
-------+----------+-------------------------------------------
     0 | D:1      | Flugkiller the Vine Stalker Ice Elementalist began the
                  | quest for the Orb.
     0 | D:1      | Reached XP level 1. HP: 9/9 MP: 4/4
    87 | D:3      | Reached XP level 2. HP: 9/13 MP: 1/6
   139 | D:4      | Found a glowing drain.
   177 | D:5      | Entered Level 5 of the Dungeon
   177 | D:5      | Noticed a phantom
   189 | D:5      | Noticed Menkaure
   196 | D:5      | Killed from afar by Menkaure

Illustrated notes

Levels and vault maps discovered:
D:1:      heliophobic_arrival_battle_scene, layout_basic, serial_shops, shop
D:2:      layout_basic, uniq_robin
D:3:      layout_rooms, nemelex_dance_club_becter,
          chequers_serial_rivers_large_b, uniq_natasha
D:4:      layout_loops_ring, minmay_temple_entry_steel_oval,
          gup_sewer_entry_glass
D:5:      layout_layer_cave, uniq_eustachio, uniq_ijyb, uniq_menkaure

Action                     || total
---------------------------++-------
  Melee: Unarmed           ||     8
         Bite              ||     1
         Hand axe          ||     3
   Cast: Freeze            ||     7
  Evoke: Wand              ||     3
    Use: Scroll            ||     1
 Armour: Robe              ||    20
  Dodge: Dodged            ||    10
